Map: Port Aleksander LE

Players

Kas - Winner!

  • Race: Terran Terran
  • Spawn Location: 11:00

MaSa

  • Race: Terran Terran
  • Spawn Location: 5:00

Event: 2019 WCS Spring

VOD

Have the link to the VOD?

Description

Time

  • Played on: May 17, 2019, 2:19 p.m.
  • Length: 10:55

All games in this series

Show
View Real Time Build Order
Export as new Build Order

Kas Terran - Winner!

Build Orders: Liberator Opening 

Get SALT Encoding   

  12  0:00  SCV  
  13  0:12  SCV  
  14  0:17  Supply Depot  
  14  0:24  SCV  
  15  0:29  Refinery  
  15  0:39  SCV  
  16  0:45  Barracks  
  16  0:51  SCV  
  17  1:03  SCV  
  18  1:15  SCV  
  20  1:32  Reaper  
  20  1:33  Orbital Command  
  20  1:45  Command Center  
  20  1:58  Factory  
  21  2:01  SCV  
  21  2:10  Barracks Reactor  
  21  2:12  Supply Depot  
  21  2:14  SCV  
  22  2:22  Refinery  
  22  2:26  SCV  
  23  2:38  SCV  
  24  2:47  Starport  
  24  2:50  Hellion  
  28  2:51  Hellion  
  28  2:53  SCV  
  28  2:58  Orbital Command  
  29  3:05  SCV  
  29  3:06  Liberator  
  30  3:14  Hellion x2  
  30  3:17  SCV  
  35  3:26  SCV  
  39  3:30  SCV  
  40  3:34  Supply Depot  
  40  3:39  SCV  
  41  3:43  Hellion x2  
  41  3:45  SCV  
  46  3:50  Supply Depot  
  46  3:56  SCV  
  46  4:02  SCV  
  48  4:06  Barracks Tech Lab  
  48  4:07  Hellion x2, Starport Tech Lab  
  52  4:10  SCV  
  52  4:13  Supply Depot, Refinery  
  52  4:14  SCV  
  54  4:22  SCV  
  55  4:25  Raven  
  55  4:26  SCV  
  58  4:34  SCV  
  58  4:35  Marine x2  
  58  4:36  Cyclone  
  64  4:38  SCV  
  64  4:42  Barracks  
  65  4:47  SCV  
  65  4:49  Barracks  
  57  5:03  Marine x2  
  57  5:05  SCV  
  51  5:11  Raven  
  51  5:12  SCV  
  51  5:13  Siege Tank  
  55  5:17  SCV  
  55  5:20  Engineering Bay, Supply Depot  
  56  5:21  Marine x2  
  56  5:24  SCV  
  56  5:25  Refinery  
  59  5:29  SCV  
  60  5:36  SCV  
  60  5:40  Supply Depot  
  60  5:41  SCV, Marine x2  
  64  5:43  Supply Depot  
  64  5:45  Terran Infantry Weapons Level 1  
  64  5:48  SCV  
  64  5:49  Stimpack, Marine  
  66  5:53  SCV  
  66  5:57  Marine, Combat Shield, Factory Tech Lab  
  67  6:00  SCV  
  67  6:01  Starport Reactor  
  67  6:03  Marine x2  
  71  6:07  Marine  
  71  6:14  Command Center  
  71  6:15  Marine  
  71  6:17  Siege Tank  
  75  6:21  Marine x2  
  75  6:25  Marine  
  73  6:33  Marine  
  73  6:38  Marine  
  73  6:39  SCV, Marine  
  77  6:42  Marine  
  77  6:48  Medivac  
  77  6:49  Medivac, Siege Tank, Supply Depot  
  77  6:50  Marine, Supply Depot  
  84  6:56  Marine x2  
  84  7:00  SCV x2, Marine  
  89  7:07  Supply Depot  
  89  7:08  Marine  
  89  7:14  Marine x2  
  92  7:18  Marine  
  93  7:26  Marine  
  91  7:30  Medivac x2, Siege Tank  
  91  7:32  Marine x2  
  91  7:36  Marine  
  93  7:44  Marine  
  93  7:49  Refinery  
  93  7:50  Barracks, Marine x2  
  93  7:51  Refinery  
  96  7:53  SCV, Orbital Command  
  96  7:54  Marine  
  96  7:56  Barracks  
  98  8:02  SCV, Supply Depot, Siege Tank, Marine  
  98  8:05  SCV  
  104  8:07  Marine  
  104  8:08  Marine  
  104  8:12  Medivac, Marine  
  109  8:14  SCV  
  109  8:19  SCV, Marine  
  111  8:24  Sensor Tower  
  111  8:25  Marine x2  
  114  8:29  Terran Infantry Armor Level 1, Marine  
  114  8:30  SCV x2  
  114  8:33  Refinery x2  
  117  8:37  Marine  
  116  8:43  Marine x2  
  116  8:45  Marine x2  
  116  8:47  Marine  
  117  8:55  Marine  
  115  8:58  Medivac x2, Siege Tank  
  115  9:01  Marine x2  
  120  9:03  Marine x2  
  120  9:05  Marine  
  120  9:11  Factory  
  120  9:13  Engineering Bay, Marine  
  120  9:14  Armory  
  118  9:19  Marine x2  
  118  9:20  Marine  
  118  9:21  Marine  
  106  9:25  Marine  
  106  9:29  SCV  
  106  9:30  SCV  
  106  9:31  Marine  
  106  9:33  Siege Tank  
  106  9:35  SCV  
  106  9:37  Marine x2  
  106  9:38  Marine x2, Supply Depot  
  113  9:42  SCV x2  
  113  9:43  Marine  
  118  9:48  SCV, Medivac x2  
  118  9:49  Marine  
  124  9:54  SCV, Marine x2  
  124  9:56  Marine x2  
  129  10:01  Marine  
  129  10:06  Command Center, Marine  
  131  10:08  Factory Tech Lab  
  131  10:12  Marine x2  
  131  10:13  Missile Turret  
  133  10:14  Siege Tank  
  133  10:16  Barracks Reactor  
  133  10:17  Barracks Reactor  
  133  10:18  Marine  
  137  10:24  Marine  
  137  10:25  Medivac x2  
  142  10:30  Marine x2  
  142  10:32  Supply Depot  
  142  10:33  Supply Depot  
  142  10:34  Supply Depot  
  142  10:35  Supply Depot  
  144  10:36  Marine, Supply Depot  
Show
View Real Time Build Order
Export as new Build Order

MaSa Terran 

Build Orders: Reaper Expand 

Get SALT Encoding   

  12  0:00  SCV  
  13  0:12  SCV  
  14  0:18  Supply Depot  
  14  0:24  SCV  
  15  0:39  SCV  
  15  0:41  Barracks  
  16  0:44  Refinery  
  16  0:51  SCV  
  17  1:03  SCV  
  18  1:15  SCV  
  19  1:28  Reaper, Orbital Command  
  20  1:44  Command Center  
  20  1:54  SCV  
  21  2:00  Marine  
  22  2:06  SCV  
  22  2:07  Supply Depot  
  23  2:11  Factory  
  23  2:19  Refinery  
  23  2:23  Barracks Reactor  
  23  2:28  SCV  
  24  2:41  SCV  
  24  2:43  Refinery  
  25  2:53  SCV  
  25  2:56  Starport  
  25  2:57  Factory Tech Lab  
  26  2:59  Orbital Command, Marine  
  26  3:00  Marine  
  28  3:06  SCV  
  29  3:17  Cyclone  
  29  3:18  SCV  
  29  3:19  Marine  
  34  3:23  Marine  
  35  3:29  SCV  
  35  3:30  SCV  
  35  3:32  Starport Tech Lab  
  37  3:37  Supply Depot  
  37  3:41  SCV, Marine  
  37  3:45  SCV  
  40  3:50  Raven  
  42  3:56  SCV  
  42  3:57  SCV  
  42  4:00  Siege Tank  
  46  4:06  Bunker  
  46  4:08  SCV  
  46  4:09  SCV, Marine  
  49  4:10  Marine  
  50  4:19  Supply Depot  
  50  4:20  SCV  
  51  4:27  SCV  
  51  4:30  Marine x2, Supply Depot  
  54  4:40  Raven, Siege Tank  
  54  4:44  Supply Depot  
  54  4:45  SCV x2  
  61  4:48  Marine  
  61  4:50  Marine  
  59  4:57  SCV  
  59  4:59  SCV  
  54  5:09  SCV  
  54  5:11  SCV  
  56  5:16  Supply Depot  
  56  5:20  Siege Tank  
  59  5:22  SCV  
  59  5:27  SCV  
  61  5:34  SCV  
  62  5:39  Viking, SCV  
  65  5:46  Viking, SCV  
  65  5:47  Marine  
  69  5:51  SCV  
  70  5:59  SCV, Command Center  
  70  6:03  Siege Tank  
  74  6:04  SCV  
  74  6:09  Refinery  
  74  6:11  SCV  
  76  6:15  Viking  
  76  6:16  SCV  
  79  6:19  Viking  
  79  6:23  SCV  
  82  6:28  SCV  
  82  6:29  Marine  
  84  6:35  SCV  
  85  6:41  Barracks  
  85  6:42  SCV  
  85  6:43  Barracks  
  86  6:48  Supply Depot x2  
  86  6:52  Viking, SCV  
  86  6:56  Stimpack  
  86  6:57  Supply Depot  
  86  7:09  Viking, SCV x2, Marine  
  92  7:16  Orbital Command  
  92  7:21  SCV  
  92  7:23  Engineering Bay  
  92  7:24  SCV  
  92  7:25  Engineering Bay  
  93  7:31  Barracks Reactor  
  93  7:32  Barracks Reactor  
  93  7:34  SCV  
  93  7:36  SCV  
  95  7:41  Marine  
  95  7:42  SCV, Liberator  
  86  7:44  Siege Tank  
  86  7:46  SCV, Liberator  
  86  7:47  Barracks  
  86  7:48  Barracks  
  90  7:53  SCV  
  90  7:54  SCV  
  92  7:59  Marine  
  99  8:07  Refinery  
  99  8:08  Refinery  
  99  8:10  SCV  
  99  8:11  Marine  
  101  8:12  Marine  
  101  8:13  Sensor Tower, Marine  
  101  8:15  SCV  
  101  8:16  SCV  
  101  8:17  Marine  
  106  8:22  Marine  
  106  8:23  SCV  
  108  8:29  Marine  
  108  8:30  SCV, Marine  
  108  8:31  Marine  
  108  8:34  Siege Tank  
  115  8:35  SCV, Marine  
  115  8:39  Marine  
  115  8:40  Missile Turret, Marine  
  115  8:41  Marine  
  115  8:47  Marine  
  105  8:48  Marine  
  105  8:49  SCV, Marine  
  105  8:53  Marine  
  105  8:55  SCV  
  105  8:57  Marine  
  100  9:05  Supply Depot x2  
  100  9:12  Engineering Bay x2  
  100  9:17  Barracks Reactor x2  
  99  9:19  Command Center  
  96  9:31  Combat Shield  
  96  9:35  Supply Depot x2  
  96  9:56  Marine x4  
  96  9:57  SCV x2, Supply Depot x2, Medivac x2, Siege Tank, Marine  
  110  10:00  Marine x3  
  110  10:11  Supply Depot  
  110  10:19  SCV x2, Supply Depot, Marine x5  
  110  10:20  Armory  
  117  10:21  Marine x2  
  117  10:26  Marine x2  
  123  10:31  SCV x2  
  126  10:36  Marine x4  
  130  10:43  SCV  
Tags
 
Add a new tag
Caveats
  • Supply blocks, unpowered buildings, or Contaminate may cause inaccurate times.
  • Supply counts are checked every 10 seconds.